AoeStats
← xuxa

Arabia

508310932Analyzed
2v2 RM · 10d ago on Sep 21, 2026· 34m 22s· 4 players
Game mode
Random Map
Map size
Medium (4 player)
Population
200
Speed
Normal
Resources
Standard
Victory
Conquest
Starting age
Dark Age
Ending age
Imperial Age
RankedLock teamsTeams togetherTeam positionsShared explorationLock speedFull tech treeHidden civsTurbo modeCheats
Victory
Defeat
🇦🇷 Portuguese · Argentina
1219
+11
🇦🇷 Romans · Argentina
1039
+19
🇧🇷 Huns · Brazil
1097
-15
🇧🇷 Muisca · Brazil
1097
-15
xuxa
10:10 Loom
12:06 Feudal Age
15:12 Double-Bit Axe
22:20 Castle Age
20:46 Horse Collar
22:25 Pikeman
23:17 Scale Mail Armor
23:49 Bow Saw
27:58 Squires
29:53 Wheelbarrow
Bollzin
7:39 Loom
10:13 Feudal Age
15:00 Fletching
15:23 Forging
18:48 Horse Collar
23:56 Castle Age
22:02 Double-Bit Axe
24:04 Scale Barding Armor
28:17 Bow Saw
29:04 Chain Barding Armor
34:02 Iron Casting
33:31 Padded Archer Armor
Hannibal Barca
6:04 Loom
8:55 Feudal Age
9:32 Double-Bit Axe
9:54 Horse Collar
17:07 Forging
19:26 Bloodlines
20:20 Scale Barding Armor
23:03 Wheelbarrow
25:22 Castle Age
26:12 Husbandry
26:51 Iron Casting
26:36 Chain Barding Armor
26:28 Light Cavalry
27:41 Hand Cart
36:59 Imperial Age
Bacham
6:29 Loom
9:39 Feudal Age
9:55 Man-at-Arms
11:44 Horse Collar
19:29 Scale Mail Armor
19:40 Forging
25:16 Castle Age
24:38 Double-Bit Axe
25:19 Pikeman
25:59 Squires
25:22 Long Swordsman
27:07 Chain Mail Armor
27:27 Iron Casting
Connection lost

Rejoining the realm…

Still unreachable

The connection could not be restored.

Session expired

The server has moved on; the page needs a fresh start.